| TOP OF THE 1ST |
|
Hartford Yard Goats batting - Pitching for Greensboro Grasshoppers : LHP Melvin Castro
|
|
Pitching: LHP Melvin Castro
|
|
|
Batting: RHB Matviy Oliynyk
|
0-0: Called Strike 0-1: Swinging Strike 0-2: Ball 1-2: Strikes out looking
|
|
Batting: LHB Nick Martin
|
0-0: Ball 1-0: Called Strike 1-1: Ball 2-1: Fly out, F9 (Flyball, 9D, EV 98.8 MPH)
|
|
Batting: RHB Ray Insley
|
0-0: Ball 1-0: SINGLE (Flyball, 78S, EV 86.2 MPH)
|
|
Batting: SHB Ken Griffey IV
|
0-0: Foul Ball, location: 2F 0-1: Ball 1-1: Ball 2-1: Swinging Strike 2-2: SINGLE (Line Drive, 78S, EV 101.9 MPH) Ray Insley to second Runner from 2nd tries for 3rd, OUT! 8-5
|
| Top of the 1st over - 0 runs, 2 hits, 0 errors, 1 left on base; Hartford 0 - Greensboro 0 |
| BOTTOM OF THE 1ST |
|
Greensboro Grasshoppers batting - Pitching for Hartford Yard Goats : LHP Domenic Wells
|
|
Pitching: LHP Domenic Wells
|
|
|
Batting: RHB Harrie de Kam
|
0-0: Ball 1-0: Ground out 6-3 (Groundball, 6, EV 81.2 MPH)
|
|
Batting: RHB Larry LeFever
|
0-0: Fly out, F8 (Flyball, 8LD, EV 105.6 MPH)
|
|
Batting: RHB Nate Crofts
|
0-0: Foul Ball, location: 2F 0-1: Fly out, F9 (Flyball, 9LD, EV 90.6 MPH)
|
| Bottom of the 1st over - 0 runs, 0 hits, 0 errors, 0 left on base; Hartford 0 - Greensboro 0 |
| TOP OF THE 2ND |
|
Hartford Yard Goats batting - Pitching for Greensboro Grasshoppers : LHP Melvin Castro
|
|
Batting: RHB T.J. Williams
|
0-0: Ball 1-0: TRIPLE (Flyball, 89XD, EV 99.4 MPH)
|
|
Batting: LHB Jason Ryan
|
0-0: Fly out, F8 (Flyball, 8LD, EV 103.1 MPH) Runner from 3rd tags up, SCORES, throw by CF
|
|
Batting: RHB Yamashita Yagi
|
0-0: Swinging Strike 0-1: Foul Ball, location: 2F 0-2: Ball 1-2: Ball 2-2: Ball 3-2: Base on Balls
|
|
Batting: RHB Bob Hayes
|
0-0: Ball 1-0: Called Strike 1-1: Called Strike 1-2: Strikes out swinging
|
|
Batting: RHB Carlos de Jesus
|
0-0: Ball 1-0: Called Strike 1-1: Foul Ball, location: 2F 1-2: Foul Ball, location: 2F 1-2: DOUBLE (Line Drive, 8LXD, EV 109.4 MPH) Yamashita Yagi to third
|
|
Batting: RHB Matviy Oliynyk
|
0-0: Ball 1-0: Ground out 4-3 (Groundball, 4, EV 83.1 MPH)
|
| Top of the 2nd over - 1 run, 2 hits, 0 errors, 2 left on base; Hartford 1 - Greensboro 0 |
| BOTTOM OF THE 2ND |
|
Greensboro Grasshoppers batting - Pitching for Hartford Yard Goats : LHP Domenic Wells
|
|
Batting: LHB Ryan Karg
|
0-0: Ball 1-0: Called Strike 1-1: SINGLE (Flyball, 34D, EV 85.6 MPH)
|
|
Batting: RHB Chris Alft
|
0-0: Called Strike 0-1: Ball 1-1: Ball Ryan Karg is caught stealing 2nd base 2-4 2-1: SOLO HOME RUN (Flyball, 9LD, EV 98.8 MPH), Distance : 352 ft
|
|
Batting: LHB Jose Cabello
|
0-0: Ball 1-0: Swinging Strike 1-1: Ground out 6-3 (Groundball, 4MS, EV 91.2 MPH)
|
|
Batting: RHB Dennis Coppolino
|
0-0: Ball 1-0: Swinging Strike 1-1: Ball 2-1: Called Strike 2-2: Foul Ball, location: 2F 2-2: DOUBLE (Line Drive, 89D, EV 102.5 MPH)
|
|
Batting: RHB J.D. Vander Klok
|
0-0: Foul Ball, location: 2F 0-1: Foul Ball, location: 2F 0-2: SINGLE (Groundball, 5S, EV 66.9 MPH) (infield hit) Dennis Coppolino to third
|
|
Batting: RHB Nick Dunton
|
0-0: Called Strike 0-1: Called Strike 0-2: Ball 1-2: Ground out 4-3 (Groundball, 34S, EV 86.9 MPH)
|
| Bottom of the 2nd over - 1 run, 4 hits, 0 errors, 2 left on base; Hartford 1 - Greensboro 1 |
| TOP OF THE 3RD |
|
Hartford Yard Goats batting - Pitching for Greensboro Grasshoppers : LHP Melvin Castro
|
|
Batting: LHB Nick Martin
|
0-0: Ball 1-0: Called Strike 1-1: SINGLE (Flyball, 34D, EV 93.1 MPH)
|
|
Batting: RHB Ray Insley
|
0-0: Ball 1-0: Ball 2-0: Ball 3-0: Called Strike 3-1: Called Strike 3-2: Foul Ball, location: 2F 3-2: Foul Ball, location: 2F 3-2: SINGLE (Line Drive, 8LS, EV 95.0 MPH) Nick Martin to second Runner from 2nd tries for 3rd, SAFE, throw by CF made to third
|
|
Batting: SHB Ken Griffey IV
|
0-0: Foul Ball, location: 2F 0-1: Swinging Strike 0-2: Strikes out swinging
|
|
Batting: RHB T.J. Williams
|
0-0: Ball 1-0: SINGLE (Groundball, 4MD, EV 103.8 MPH) Nick Martin scores Ray Insley to second Runner from 2nd tries for 3rd, SAFE, throw by CF made to third
|
|
Batting: LHB Jason Ryan
|
0-0: Ball 1-0: Ball 2-0: Fly out, F8 (Flyball, 78D, EV 86.2 MPH) Runner from 3rd tags up, SCORES, throw by CF
|
|
Batting: RHB Yamashita Yagi
|
0-0: Ball 1-0: Ball 2-0: DOUBLE (Flyball, 8RXD, EV 95.6 MPH) T.J. Williams to third
|
|
Batting: RHB Bob Hayes
|
0-0: Ball 1-0: DOUBLE (Line Drive, 9LM, EV 105.6 MPH) T.J. Williams scores Yamashita Yagi scores
|
|
Batting: RHB Carlos de Jesus
|
0-0: Ball 1-0: Called Strike 1-1: Called Strike 1-2: Ball 2-2: SINGLE (Groundball, P, EV 89.4 MPH) (infield hit) Bob Hayes to third
|
|
Batting: RHB Matviy Oliynyk
|
0-0: Ball 1-0: Swinging Strike 1-1: Foul Ball, location: 2F 1-2: Ball 2-2: Ball 3-2: Foul Ball, location: 2F 3-2: Strikes out swinging
|
| Top of the 3rd over - 4 runs, 6 hits, 0 errors, 2 left on base; Hartford 5 - Greensboro 1 |
| BOTTOM OF THE 3RD |
|
Greensboro Grasshoppers batting - Pitching for Hartford Yard Goats : LHP Domenic Wells
|
|
Batting: RHB Harrie de Kam
|
0-0: Ball 1-0: Ball 2-0: Ball 3-0: Base on Balls
|
|
Batting: RHB Larry LeFever
|
0-0: Foul Ball, location: 2F 0-1: Swinging Strike 0-2: Ball 1-2: Strikes out swinging
|
|
Batting: RHB Nate Crofts
|
0-0: Called Strike 0-1: Foul Ball, location: 2F 0-2: Ball 1-2: SINGLE (Groundball, 34D, EV 105.0 MPH) Harrie de Kam to second Runner from 2nd tries for 3rd, SAFE, throw by RF made to third
|
|
Batting: LHB Ryan Karg
|
0-0: Ball 1-0: Called Strike 1-1: Swinging Strike 1-2: Hit by Pitch Nate Crofts to second
|
|
Batting: RHB Chris Alft
|
0-0: Ball 1-0: Called Strike 1-1: Ball 2-1: Foul Ball, location: 2F 2-2: Ball 3-2: Base on Balls Harrie de Kam scores Nate Crofts to third Ryan Karg to second
|
|
Batting: LHB Jose Cabello
|
0-0: Ground out 4-3 (Groundball, 34D, EV 110.0 MPH) Nate Crofts scores Ryan Karg to third Chris Alft to second
|
|
Batting: RHB Dennis Coppolino
|
0-0: Ball 1-0: Ball 2-0: Ball 3-0: Base on Balls
|
|
Batting: RHB J.D. Vander Klok
|
0-0: Ball 1-0: Ball 2-0: Ball 3-0: Base on Balls Ryan Karg scores Chris Alft to third Dennis Coppolino to second
|
|
Batting: RHB Nick Dunton
|
0-0: Ball 1-0: Called Strike 1-1: Ball 2-1: Ball 3-1: Foul Ball, location: 2F 3-2: Foul Ball, location: 2F 3-2: Fly out, F8 (Flyball, 78M, EV 90.6 MPH)
|
| Bottom of the 3rd over - 3 runs, 1 hit, 0 errors, 3 left on base; Hartford 5 - Greensboro 4 |
| TOP OF THE 4TH |
|
Hartford Yard Goats batting - Pitching for Greensboro Grasshoppers : LHP Melvin Castro
|
|
Batting: LHB Nick Martin
|
0-0: Ball 1-0: Swinging Strike 1-1: Foul Ball, location: 2F 1-2: Ball 2-2: Ball 3-2: Foul Ball, location: 2F 3-2: Reached on error, E3 (Groundball, 34S, EV 64.4 MPH)
|
|
Batting: RHB Ray Insley
|
0-0: Called Strike 0-1: Fly out, F8 (Flyball, 78D, EV 101.2 MPH)
|
|
Batting: SHB Ken Griffey IV
|
0-0: Fly out, F8 (Line Drive, 8RS, EV 86.2 MPH)
|
|
Batting: RHB T.J. Williams
|
0-0: Ball 1-0: Called Strike 1-1: Ball 2-1: Called Strike 2-2: Foul Ball, location: 2F 2-2: SINGLE (Line Drive, 89M, EV 90.6 MPH) Nick Martin to second Runner from 2nd tries for 3rd, OUT! 8-5
|
| Top of the 4th over - 0 runs, 1 hit, 1 error, 1 left on base; Hartford 5 - Greensboro 4 |
| BOTTOM OF THE 4TH |
|
Greensboro Grasshoppers batting - Pitching for Hartford Yard Goats : LHP Domenic Wells
|
|
Batting: RHB Harrie de Kam
|
0-0: Ball 1-0: Called Strike 1-1: Called Strike 1-2: SINGLE (Groundball, 3D, EV 105.6 MPH)
|
|
Batting: RHB Larry LeFever
|
0-0: Ball 1-0: Ball Harrie de Kam is caught stealing 2nd base 2-4 2-0: Ball 3-0: Base on Balls
|
|
Batting: RHB Nate Crofts
|
0-0: Called Strike 0-1: Swinging Strike 0-2: Ball 1-2: Ball 2-2: Foul Ball, location: 2F 2-2: Ball 3-2: Base on Balls Larry LeFever to second
|
|
Batting: LHB Ryan Karg
|
0-0: Ball 1-0: Foul Ball, location: 2F 1-1: Ball 2-1: Fly out, F9 (Flyball, 9, EV 89.4 MPH)
|
|
Pitching: RHP Ricardo Roman
|
|
|
Batting: RHB Chris Alft
|
0-0: Swinging Strike 0-1: Ball 1-1: Swinging Strike 1-2: Ball 2-2: Foul Ball, location: 2F 2-2: Strikes out swinging
|
| Bottom of the 4th over - 0 runs, 1 hit, 0 errors, 2 left on base; Hartford 5 - Greensboro 4 |
| TOP OF THE 5TH |
|
Hartford Yard Goats batting - Pitching for Greensboro Grasshoppers : LHP Melvin Castro
|
|
Pitching: RHP Mike Yorke
|
|
|
Batting: LHB Jason Ryan
|
0-0: Called Strike 0-1: Ball 1-1: Foul Ball, location: 2F 1-2: Ball 2-2: Fly out, F7 (Flyball, 7S, EV 85.6 MPH)
|
|
Batting: RHB Yamashita Yagi
|
0-0: Foul Ball, location: 2F 0-1: Foul Ball, location: 2F 0-2: Ball 1-2: Strikes out swinging
|
|
Batting: RHB Bob Hayes
|
0-0: Called Strike 0-1: Foul Ball, location: 2F 0-2: Ball 1-2: Ball 2-2: Strikes out swinging
|
| Top of the 5th over - 0 runs, 0 hits, 0 errors, 0 left on base; Hartford 5 - Greensboro 4 |
| BOTTOM OF THE 5TH |
|
Greensboro Grasshoppers batting - Pitching for Hartford Yard Goats : RHP Ricardo Roman
|
|
Batting: LHB Jose Cabello
|
0-0: Called Strike 0-1: Called Strike 0-2: Strikes out swinging
|
|
Batting: RHB Dennis Coppolino
|
0-0: Foul Ball, location: 2F 0-1: Called Strike 0-2: Ball 1-2: Strikes out swinging
|
|
Batting: RHB J.D. Vander Klok
|
0-0: Swinging Strike 0-1: Ball 1-1: Ball 2-1: Ground out 5-3 (Groundball, 56S, EV 86.9 MPH)
|
| Bottom of the 5th over - 0 runs, 0 hits, 0 errors, 0 left on base; Hartford 5 - Greensboro 4 |
| TOP OF THE 6TH |
|
Hartford Yard Goats batting - Pitching for Greensboro Grasshoppers : RHP Mike Yorke
|
|
Batting: RHB Carlos de Jesus
|
0-0: Ball 1-0: Called Strike 1-1: SINGLE (Groundball, 56, EV 95.6 MPH)
|
|
Batting: RHB Matviy Oliynyk
|
0-0: Called Strike 0-1: Ball 1-1: Ball 2-1: Foul Ball, location: 2F 2-2: Foul Ball, location: 2F 2-2: Strikes out swinging
|
|
Batting: LHB Nick Martin
|
0-0: Ball 1-0: Fly out, F7 (Flyball, 7, EV 91.2 MPH)
|
|
Batting: RHB Ray Insley
|
0-0: Swinging Strike 0-1: Fly out, F9 (Flyball, 89M, EV 91.9 MPH)
|
| Top of the 6th over - 0 runs, 1 hit, 0 errors, 1 left on base; Hartford 5 - Greensboro 4 |
| BOTTOM OF THE 6TH |
|
Greensboro Grasshoppers batting - Pitching for Hartford Yard Goats : RHP Ricardo Roman
|
|
Batting: RHB Nick Dunton
|
0-0: Ball 1-0: Foul Ball, location: 2F 1-1: Swinging Strike 1-2: Foul Ball, location: 2F 1-2: Foul Ball, location: 2F 1-2: Fly out, F7 (Flyball, 7, EV 91.2 MPH)
|
|
Batting: RHB Harrie de Kam
|
0-0: Swinging Strike 0-1: Called Strike 0-2: Ball 1-2: Foul Ball, location: 2F 1-2: Ball 2-2: Strikes out swinging
|
|
Pitching: RHP Logan Ramsey
|
|
|
Batting: RHB Larry LeFever
|
0-0: Ball 1-0: Called Strike 1-1: Ball 2-1: Ball 3-1: Foul Ball, location: 2F 3-2: Base on Balls
|
|
Batting: RHB Nate Crofts
|
0-0: Foul Ball, location: 2F 0-1: Ball Larry LeFever steals 2nd base 1-1: Called Strike 1-2: Ground out 5-3 (Groundball, 56S, EV 88.8 MPH)
|
| Bottom of the 6th over - 0 runs, 0 hits, 0 errors, 1 left on base; Hartford 5 - Greensboro 4 |
| TOP OF THE 7TH |
|
Hartford Yard Goats batting - Pitching for Greensboro Grasshoppers : RHP Mike Yorke
|
|
Pitching: RHP Bill Padgett
|
|
|
Batting: SHB Ken Griffey IV
|
0-0: Ball 1-0: DOUBLE (Line Drive, 89D, EV 113.8 MPH)
|
|
Batting: RHB T.J. Williams
|
0-0: Foul Ball, location: 2F 0-1: Called Strike 0-2: Strikes out swinging
|
|
Batting: LHB Jason Ryan
|
0-0: Intentional Walk
|
|
Batting: RHB Yamashita Yagi
|
0-0: Ball 1-0: Ball 2-0: DOUBLE (Line Drive, 9LM, EV 101.9 MPH) Ken Griffey IV scores Jason Ryan to third
|
|
Batting: RHB Bob Hayes
|
0-0: Ball 1-0: Foul Ball, location: 2F 1-1: Fly out, F8 (Flyball, 89M, EV 93.1 MPH)
|
|
Batting: RHB Carlos de Jesus
|
0-0: Called Strike 0-1: Ball 1-1: Ball 2-1: Foul Ball, location: 2F 2-2: SINGLE (Groundball, P, EV 86.9 MPH) (infield hit) Jason Ryan scores Yamashita Yagi to third
|
|
Batting: RHB Matviy Oliynyk
|
0-0: Called Strike 0-1: Foul Ball, location: 2F 0-2: DOUBLE (Line Drive, 78D, EV 111.2 MPH) Yamashita Yagi scores Carlos de Jesus to third
|
|
Pitching: RHP Dan Durand
|
|
|
Batting: LHB Nick Martin
|
0-0: Called Strike 0-1: Ball 1-1: Foul Ball, location: 2F 1-2: Foul Ball, location: 2F 1-2: Ball 2-2: Ball 3-2: Fly out, F8 (Flyball, 8RM, EV 90.6 MPH)
|
| Top of the 7th over - 3 runs, 4 hits, 0 errors, 2 left on base; Hartford 8 - Greensboro 4 |
| BOTTOM OF THE 7TH |
|
Greensboro Grasshoppers batting - Pitching for Hartford Yard Goats : RHP Logan Ramsey
|
|
Batting: LHB Ryan Karg
|
0-0: Ball 1-0: Called Strike 1-1: Ball 2-1: Ball 3-1: Reached on error, E3 (Groundball, 3, EV 84.4 MPH)
|
|
Batting: RHB Chris Alft
|
0-0: Ball 1-0: Called Strike 1-1: Called Strike 1-2: Strikes out looking
|
|
Batting: LHB Jose Cabello
|
0-0: SINGLE (Line Drive, 4M, EV 106.9 MPH) Ryan Karg to second
|
|
Batting: RHB Dennis Coppolino
|
0-0: Foul Ball, location: 2F 0-1: Ball 1-1: Called Strike 1-2: Foul Ball, location: 2F 1-2: DOUBLE (Line Drive, 7LD, EV 106.2 MPH) Ryan Karg scores Jose Cabello to third Runner from 3rd tries for Home, SAFE, throw by LF to home
|
|
Batting: RHB J.D. Vander Klok
|
0-0: Fly out, F7 (Flyball, 7, EV 86.9 MPH)
|
|
Batting: RHB Nick Dunton
|
0-0: Ball 1-0: Ball 2-0: Ball 3-0: Base on Balls
|
|
Batting: RHB Harrie de Kam
|
0-0: Ground out 3-1 (Groundball, 34, EV 76.9 MPH)
|
| Bottom of the 7th over - 2 runs, 2 hits, 1 error, 2 left on base; Hartford 8 - Greensboro 6 |
| TOP OF THE 8TH |
|
Hartford Yard Goats batting - Pitching for Greensboro Grasshoppers : RHP Dan Durand
|
|
Batting: RHB Ray Insley
|
0-0: Ball 1-0: Ground out 5-3 (Groundball, 5L, EV 108.1 MPH)
|
|
Batting: SHB Ken Griffey IV
|
0-0: Ball 1-0: Swinging Strike 1-1: Swinging Strike 1-2: Strikes out looking
|
|
Batting: RHB T.J. Williams
|
0-0: Ground out 3-1 (Groundball, 34, EV 104.4 MPH)
|
| Top of the 8th over - 0 runs, 0 hits, 0 errors, 0 left on base; Hartford 8 - Greensboro 6 |
| BOTTOM OF THE 8TH |
|
Greensboro Grasshoppers batting - Pitching for Hartford Yard Goats : RHP Logan Ramsey
|
|
Pitching: RHP Bobby Servin
|
|
|
Batting: RHB Larry LeFever
|
0-0: Swinging Strike 0-1: Swinging Strike 0-2: Ball 1-2: Ground out 3-1 (Groundball, 34, EV 88.8 MPH)
|
|
Batting: RHB Nate Crofts
|
0-0: Foul Ball, location: 2F 0-1: Ball 1-1: Ball 2-1: Swinging Strike 2-2: Foul Ball, location: 2F 2-2: Foul Ball, location: 2F 2-2: Foul Ball, location: 2F 2-2: Ball 3-2: Ground out 2-3 (Groundball, 2L, EV 76.9 MPH)
|
|
Batting: LHB Ryan Karg
|
0-0: Swinging Strike 0-1: SOLO HOME RUN (Flyball, 9D, EV 105.0 MPH), Distance : 398 ft
|
|
Batting: RHB Chris Alft
|
0-0: Ball 1-0: Called Strike 1-1: Ground out 4-3 (Groundball, 34D, EV 78.8 MPH)
|
| Bottom of the 8th over - 1 run, 1 hit, 0 errors, 0 left on base; Hartford 8 - Greensboro 7 |
| TOP OF THE 9TH |
|
Hartford Yard Goats batting - Pitching for Greensboro Grasshoppers : RHP Dan Durand
|
|
Pitching: RHP Joe Lynn
|
|
|
Batting: LHB Jason Ryan
|
0-0: Ball 1-0: Ground out 3-1 (Groundball, 34, EV 96.2 MPH)
|
|
Batting: RHB Yamashita Yagi
|
0-0: Ball 1-0: Called Strike 1-1: SOLO HOME RUN (Flyball, 7D, EV 100.6 MPH), Distance : 377 ft
|
|
Batting: RHB Bob Hayes
|
0-0: Foul Ball, location: 2F 0-1: Called Strike 0-2: Foul Ball, location: 2F 0-2: Foul Ball, location: 2F 0-2: Ball 1-2: Fly out, F6 (Popup, 6M, EV 64.4 MPH)
|
|
Batting: RHB Carlos de Jesus
|
0-0: Ball 1-0: Fly out, F6 (Popup, 6, EV 64.4 MPH)
|
| Top of the 9th over - 1 run, 1 hit, 0 errors, 0 left on base; Hartford 9 - Greensboro 7 |
| BOTTOM OF THE 9TH |
|
Greensboro Grasshoppers batting - Pitching for Hartford Yard Goats : RHP Bobby Servin
|
|
Batting: LHB Jose Cabello
|
0-0: Ball 1-0: Ball 2-0: Foul Ball, location: 2F 2-1: Ground out 6-3 (Groundball, 6M, EV 101.9 MPH)
|
|
Pinch Hitting: LHB Justin Blakely
|
0-0: Ball 1-0: Swinging Strike 1-1: Ball 2-1: Ball 3-1: Foul Ball, location: 2F 3-2: Base on Balls
|
|
Pinch Hitting: LHB Angelo Estrella
|
0-0: Called Strike 0-1: Swinging Strike 0-2: Foul Ball, location: 2F 0-2: Strikes out looking
|
|
Batting: RHB Nick Dunton
|
0-0: Ball 1-0: Called Strike 1-1: Ball 2-1: Ball 3-1: Called Strike 3-2: Base on Balls Justin Blakely to second
|
|
Pitching: LHP Juan Rivera
|
|
|
Batting: RHB Harrie de Kam
|
0-0: Ball 1-0: Fly out, F8 (Line Drive, 8RD, EV 93.1 MPH)
|
| Bottom of the 9th over - 0 runs, 0 hits, 0 errors, 2 left on base; Hartford 9 - Greensboro 7 |
|